 Dungeon Crawl Stone Soup version 0.27.1-33-g824d729ab1 (webtiles) character file.

Game seed: 8862077350355134678

45 pkoi the Ruffian (level 3, 0/29 HPs)
             Began as a Draconian Gladiator on Dec 15, 2021.
             Was a Follower of Okawaru.
             Slain by a gnoll (7 damage)
             ... on level 2 of the Dungeon.
             The game lasted 00:01:29 (1272 turns).

pkoi the Ruffian (Draconian Gladiator)              Turns: 1272, Time: 00:01:29

Health: 0/29       AC:  5    Str: 16    XL:     3   Next: 42%
Magic:  3/3        EV: 12    Int:  9    God:    Okawaru [*.....]
Gold:   62         SH:  0    Dex: 12    Spells: 2/2 levels left

rFire    . . .     SeeInvis .     - Unarmed
rCold    . . .     Faith    .   (no shield)
rNeg     . . .     Spirit   .   (armour unavailable)
rPois    .         Reflect  .   a - +0 hat
rElec    .         Harm     .   (no cloak)
rCorr    .         Rampage  .   (no gloves)
Will     .....                  (no boots)
Stlth    +.........             (no amulet)
HPRegen  0.09/turn              (no ring)
MPRegen  0.08/turn              (no ring)

@: no status effects
A: AC +5, unfitting armour, cold-blooded
a: Renounce Religion, Heroism


You were on level 2 of the Dungeon.
You worshipped Okawaru.
Okawaru was aware of your devotion.
You visited 1 branch of the dungeon, and saw 2 of its levels.

You collected 62 gold pieces.

Inventory:

Missiles
 b - 3 throwing nets (quivered)
 c - 18 poisoned darts
Armour
 a - a +0 hat (worn)
Scrolls
 d - a scroll of teleportation


   Skills:
 - Level 2.1 Fighting
 - Level 1.7 Throwing
 - Level 2.6 Dodging
 * Level 4.4 Unarmed Combat
 + Level 0.7 Invocations


You had 2 spell levels left.
You didn't know any spells.
Your spell library contained the following spells:

 Spells                   Type           Power      Damage    Failure   Level
 Dispersal                Tloc           0%         N/A       100%        6
 Disjunction              Tloc           0%         N/A       100%        8


Dungeon Overview and Level Annotations

Branches:
Dungeon (2/15)

Altars:
Okawaru


Innate Abilities, Weirdness & Mutations

Your plain brown scales are hard. (AC +5)
You cannot fit into any form of body armour.
You are cold-blooded and may be slowed by cold attacks.


Message History

You kill the ball python!
Okawaru accepts your kill.
No target in view!
No target in view!
No target in view!
No target in view!
No target in view!
No target in view!
No target in view!
No target in view!
No target in view!
No target in view!
No target in view!
A gnoll comes into view. It is wielding a +0 flail.
The gnoll shouts!
You hear a shout!
A gnoll comes into view. It is wielding a +0 halberd.
There are monsters nearby!
There are monsters nearby!
There are monsters nearby!
You hit the gnoll.
The gnoll is lightly wounded.
The gnoll hits you with a +0 flail. The gnoll barely misses you.
You barely miss the gnoll. You tail-slap the gnoll.
The gnoll is moderately wounded.
The gnoll hits you but does no damage.
The gnoll hits you from afar with a +0 halberd!
You hit the gnoll.
The gnoll is almost dead.
A gnoll comes into view. It is wielding a +0 halberd.
The gnoll barely misses you. The gnoll closely misses you.
You barely miss the gnoll.
The gnoll is almost dead.
The gnoll hits you but does no damage.
The gnoll hits you from afar with a +0 halberd!
* * * LOW HITPOINT WARNING * * *
You punch the gnoll!
You kill the gnoll!
Okawaru accepts your kill.
The gnoll hits you from afar with a +0 halberd!
You die...

##### ###...# ###......
###.....#..
#############.....#...# #
#.P..P....##....#...#..
....############..#...#...#
.....g..g)@.........#...#..
...############...#...#)..#
#P...P.Pb.#.#...#...#..
###.###P###...#...#)..#
#.#.#P# #.....#...#..
###.## #.#.#...#...# ...#
#.##..#...#.. ..##
#.......#...# #######...#..


You could see 2 gnolls.

Vanquished Creatures
  An adder (D:2)
  A gnoll (D:2)
  A worm (D:2)
  4 ball pythons
  2 endoplasms (D:1)
  3 giant cockroaches
  4 goblins
  3 hobgoblins (D:1)
  4 kobolds
  2 quokkas
  2 bats
  4 frilled lizards (D:1)
  A rat (D:2)
32 creatures vanquished.

Notes
Turn   | Place    | Note
-------+----------+-------------------------------------------
     0 | D:1      | pkoi the Draconian Gladiator began the quest for the Orb.
     0 | D:1      | Reached XP level 1. HP: 17/17 MP: 1/1
   263 | D:1      | Reached XP level 2. HP: 22/24 MP: 2/2
   596 | D:1      | Reached skill level 4 in Unarmed Combat
   817 | D:1      | Found a faded altar of an unknown god.
   933 | D:1      | Became a worshipper of Warmaster Okawaru
   933 | D:1      | Reached * piety under Okawaru
   972 | D:2      | Reached XP level 3. HP: 29/29 MP: 3/3
  1272 | D:2      | Slain by a gnoll

Illustrated notes

Levels and vault maps discovered:
D:1:      giann_bridges, layout_basic,
          dreamdust_ecumenical_altar_hidden_monk_grotto
D:2:      minmay_door_path, layout_rooms, serial_aquarium,
          aquarium_bridge_square [aquarium_subvault_balcony,
          aquarium_subvault_bridge, aquarium_subvault_wall,
          aquarium_subvault_bridge], aquarium_window_fake, aquarium_window_fake,
          aquarium_window_fake, aquarium_view_2c, aquarium_view_2c,
          aquarium_balcony_double_3, aquarium_pool_1, hex_medium,
          amcnicky_mini_corridor_feature

Skill      XL: |  1  2 |
---------------+-------+-----
Unarmed Combat | 4 |  4.4
Fighting       | |  2.1
Throwing       | |  1.7
Dodging        | |  2.6
Invocations    | |  0.7

Action                   || total
-------------------------++-------
Melee: Unarmed           ||    97
       Tailslap          ||    10
       Punch             ||     1
  Use: Scroll            ||     2
 Stab: Sleeping          ||     1
Armor: Skin              ||    37
Dodge: Dodged            ||    58
